 Dungeon Crawl Stone Soup version 0.31.0-12-g77e489cdc1 (webtiles) character file.

Game seed: 12057467567405678969

2003 Arctor the Magician (level 9, -5/45 HPs)
             Began as a Deep Elf Fire Elementalist on Feb 21, 2024.
             Was an Initiate of Kikubaaqudgha.
             Slain by an unseen horror (10 damage)
             ... on level 7 of the Dungeon.
             The game lasted 00:10:58 (9335 turns).

Arctor the Magician (Deep Elf Fire Elementalist)    Turns: 9335, Time: 00:10:59

Health: -5/45      AC:  2    Str:  5    XL:     9   Next: 2%
Magic:  5/22       EV: 14    Int: 31    God:    Kikubaaqudgha [......]
Gold:   72         SH:  0    Dex: 12    Spells: 3/21 levels left

rFire   . . .        x - +6 dagger "Miraiv" {drain, rPois Will+ Dex-3}
rCold   . . .        (no shield)
rNeg    . . .        a - +0 robe
rPois   +            (no helmet)
rElec   .            (no cloak)
rCorr   .            (no gloves)
SInv    .            (no boots)
Will    +....        g - amulet of faith
Stlth   +++          e - ring of wizardry
HPRegen 0.27/turn    u - +6 ring of intelligence
MPRegen 0.18/turn

%: faith, wizardry (x1)
@: about to teleport
A: high MP 1
a: Renounce Religion


You were on level 7 of the Dungeon.
You worshipped Kikubaaqudgha.
Kikubaaqudgha was noncommittal.
You visited 1 branch of the dungeon, and saw 7 of its levels.

You collected 248 gold pieces.
You spent 176 gold pieces at shops.

Inventory:

Hand Weapons
 h - a +0 club
 i - a +0 short sword of speed
 x - the +6 dagger "Miraiv" (weapon) {drain, rPois Will+ Dex-3}
   (You found it on level 4 of the Dungeon)

   Dex-3:     It affects your dexterity (-3).
   rPois:     It protects you from poison Will+: It increases your willpower.
Armour
 a - a +0 robe (worn)
Jewellery
 c - a ring of resist corrosion
 e - a ring of wizardry (left hand)
 g - an amulet of faith (around neck)
 q - an amulet of reflection
 s - a ring of flight
 u - a +6 ring of intelligence (right hand)
 D - an amulet of magic regeneration
Scrolls
 d - 11 scrolls of teleportation
 j - a scroll of immolation
 l - a scroll of brand weapon
 m - a scroll of revelation
 r - a scroll of silence
 v - a scroll of enchant armour
 w - 2 scrolls of enchant weapon {unknown}
 y - a scroll of poison {unknown}
 B - 2 scrolls of identify
 E - a scroll of acquirement {unknown}
Potions
 b - 2 potions of magic
 k - a potion of might
 o - 4 potions of curing {unknown}
 p - a potion of ambrosia {unknown}
 t - 3 potions of lignification {unknown}
 z - a potion of mutation
 A - a potion of brilliance {unknown}
 C - a potion of berserk rage {unknown}


   Skills:
 + Level 6.0 Dodging
 + Level 6.7 Stealth
 + Level 6.7 Spellcasting
 + Level 5.1 Conjurations
 + Level 3.4 Necromancy
 + Level 5.9 Fire Magic
 + Level 4.1 Air Magic


You had 3 spell levels left.
You knew the following spells:

 Your Spells              Type           Power      Damage    Failure   Level
a - Foxfire               Conj/Fire      100%       2x1d9     1%          1
b - Scorch                Fire           94%        2d8       1%          2
c - Shock                 Conj/Air       100%       1d9       1%          1
d - Airstrike             Air            18%        2d(3-19)  3%          4
e - Animate Dead          Necr           31%        N/A       4%          4
f - Flame Wave            Conj/Fire      44%        2d11      1%          4
g - Cigotuvi's Dreadful   Necr/Alch/Air  52%        N/A       1%          2

Your spell library contained the following spells:

 Spells                   Type           Power      Damage    Failure   Level
 Sandblast                Erth           20%        2d7       1%          1
 Slow                     Hex            40%        N/A       1%          1
 Static Discharge         Conj/Air       78%        3-7/arc   1%          2
 Sublimation of Blood     Necr           31%        N/A       1%          2
 Inner Flame              Hex/Fire       28%        N/A       1%          3
 Swiftness                Air            36%        N/A       1%          3
 Vampiric Draining        Necr           31%        2d8       1%          3
 Volatile Blastmotes      Fire/Tloc      56%        2d14      1%          3
 Ensorcelled Hibernation  Hex/Ice        20%        N/A       2%          2
 Confusing Touch          Hex            10%        N/A       6%          3
 Passwall                 Erth           10%        N/A       6%          3
 Sigil of Binding         Hex            10%        N/A       6%          3
 Borgnjor's Vile Clutch   Necr/Erth      10%        N/A       26%         5


Dungeon Overview and Level Annotations

Branches:
Dungeon (7/15)             Temple (0/1) D:6

Altars:
Fedhas
Kikubaaqudgha
Makhleb
Ru

Shops:
D:5 !

Annotations:
D:3 1 transporter, LoggersVIII's ghost, amateur OpEE
D:4 2 transporters, Xinvoc's ghost, amateur OpFi


Innate Abilities, Weirdness & Mutations

You have an increased reservoir of magic. (+10% MP)


Message History

Confirm with . or Enter, or press ? or * to list all spells.
You don't know that spell.
Your reaping aura expires.
An orc priest comes into view. It is wielding a +0 hand axe.
You puncture the gnoll bouda!
You kill the gnoll bouda!
Kikubaaqudgha accepts your kill.
Casting: Foxfire (safe; 1% risk of failure)
Confirm with . or Enter, or press ? or * to list all spells.
You conjure some foxfire!
Casting: Foxfire (safe; 1% risk of failure)
Confirm with . or Enter, or press ? or * to list all spells.
You don't have enough magic to cast this spell.
Your foxfire dissipates!
The foxfire hits the wight but does no damage.
The wight is lightly damaged.
The wight hits you with a +4 great sword!
* * * LOW HITPOINT WARNING * * *
Okay, then.
Okay, then.
Okay, then.
Okay, then.
Okay, then.
You feel much better.
Your extra speed is starting to run out.
Something hits you!
Deactivating autopickup; reactivate with Ctrl-A.
You feel yourself slow down. Something hits you. Something hits you.
Something hits you. Something completely misses you. Something hits you!
* * * LOW HITPOINT WARNING * * *
Something hits you.
* * * LOW HITPOINT WARNING * * *
Okay, then.
As you read the scroll of teleportation, it crumbles to dust.
You feel strangely unstable. Something hits you!
You die...
Kikubaaqudgha rasps: "You have failed me!
Welcome... death!"

.#..## #...#...)....# #..##
#...#..#..##.# ..##
#..........#.# .#####
#..##......#.# .......
#.....##...#.#########
+############.#####...#..........
..####..............>.###########
..+..#.######.#######.# ..##.#
#.^....#.@.....#
..##.#+#.#.##.#.#######
..##.....#.##.#.#
..##.....#.##.#.#
..##.....#.##.#.#
..##.....#....#.#
...z...#.###....#
#......#...+....#
#.....z#####...#### ########


There were no monsters in sight!

Vanquished Creatures
  Joseph (D:7)
  A water moccasin (D:7)
  An orc warrior (D:5)
  2 black bears
  An ogre (D:4)
  2 phantoms (D:7)
  2 kobold brigands
  A bullfrog (D:7)
  2 scorpions
  2 wights (D:7)
  A howler monkey (D:5)
  3 jellies
  A gnoll bouda (D:7)
  6 hounds
  A sleepcap (D:4)
  2 iguanas
  8 adders
  A shadow imp (D:7)
  A white imp (D:7)
  4 ufetubi
  4 dart slugs
  2 ribbon worms
  12 orcs
  9 ball pythons
  6 bats
  2 bat zombies (D:4)
  6 endoplasms
  A giant cockroach (D:3)
  3 goblins (D:1)
  11 hobgoblins
  7 jackals (D:2)
  5 quokkas
  4 frilled lizards
  2 frilled lizard zombies (D:4)
  11 kobolds
  3 rats
131 creatures vanquished.

Vanquished Creatures (collateral kills)
  2 foxfires
2 creatures vanquished.

Vanquished Creatures (others)
  851 foxfires
851 creatures vanquished.

Grand Total: 984 creatures vanquished

Notes
Turn   | Place    | Note
-------+----------+-------------------------------------------
     0 | D:1      | Arctor the Deep Elf Fire Elementalist began the quest for
                  | the Orb.
     0 | D:1      | Reached XP level 1. HP: 10/10 MP: 6/6
   246 | D:1      | Reached XP level 2. HP: 15/15 MP: 4/8
   504 | D:1      | Learned a level 2 spell: Scorch
   523 | D:1      | Learned a level 1 spell: Shock
   757 | D:1      | Got Sif Muna's Spellbook of Sinister Secrets and Thunder
   928 | D:1      | Reached XP level 3. HP: 19/19 MP: 4/9
  1352 | D:1      | Found a faded altar of an unknown god.
  1402 | D:1      | Got Plato's Quarto of Spelunking
  2296 | D:2      | Reached XP level 4. HP: 24/24 MP: 9/11
  2861 | D:2      | Reached skill level 1 in Air Magic
  3421 | D:2      | Learned a level 4 spell: Airstrike
  3471 | D:3      | Found a burning altar of Makhleb.
  4319 | D:3      | Found a transporter.
  4340 | D:3      | Noticed LoggersVIII's ghost (amateur OpEE)
  4341 | D:3      | Noticed an ogre
  4343 | D:3      | Noticed an ogre
  4489 | D:3      | Reached XP level 5. HP: 12/28 MP: 8/12
  5139 | D:4      | Found a blossoming altar of Fedhas.
  5150 | D:4      | Noticed a black bear
  5157 | D:4      | Killed a black bear
  5158 | D:4      | Reached XP level 6. HP: 32/32 MP: 4/14
  5341 | D:4      | Found a transporter.
  5344 | D:4      | Noticed Xinvoc's ghost (amateur OpFi)
  5345 | D:4      | Found a transporter.
  5590 | D:4      | Identified the +6 dagger "Miraiv" {drain, rPois Will+
                  | Dex-3}
  5867 | D:4      | Reached XP level 7. HP: 36/36 MP: 9/16
  6200 | D:4      | Found an ancient bone altar of Kikubaaqudgha.
  6284 | D:5      | Entered Level 5 of the Dungeon
  6361 | D:5      | Reached skill level 5 in Spellcasting
  6644 | D:5      | Reached skill level 5 in Stealth
  6908 | D:4      | Learned a level 4 spell: Animate Dead
  6937 | D:4      | Became a worshipper of Kikubaaqudgha
  7165 | D:5      | Found Hesink's Distillery.
  7168 | D:5      | Bought 2 potions of mutation for 176 gold pieces
  7168 | D:5      | Gained mutation: You have an increased reservoir of magic.
                  | (+10% MP) [potion of mutation]
  7298 | D:6      | Found a staircase to the Ecumenical Temple.
  7965 | D:6      | Reached skill level 1 in Necromancy
  7965 | D:6      | Reached skill level 5 in Fire Magic
  8459 | D:7      | Reached skill level 5 in Dodging
  8459 | D:7      | Reached XP level 8. HP: 41/41 MP: 9/20
  8787 | D:7      | Learned a level 4 spell: Flame Wave
  8791 | D:7      | Learned a level 2 spell: Cigotuvi's Dreadful Rot
  8903 | D:7      | Noticed Joseph
  8965 | D:7      | Killed Joseph
  9165 | D:7      | Found a sacrificial altar of Ru.
  9259 | D:7      | Reached skill level 5 in Conjurations
  9280 | D:7      | Reached XP level 9. HP: 20/45 MP: 2/22
  9335 | D:7      | Slain by an unseen horror

Illustrated notes

Levels and vault maps discovered:
D:1:      psy_arrival_fountain, layout_basic,
          shapermc_ecumenical_altar_rom_forum
D:2:      layout_basic, chequers_serial_rivers_micro_e
D:3:      layout_loops_cross, bloody_makhleb, gammafunk_ghost_smash
D:4:      layout_loops_ring, fedhas_ov_isle_minmay,
          lemuel_zombie_altar_kikubaaqudgha, gammafunk_ghost_mausoleum
D:5:      layout_cave_pools, serial_shops, nicolae_shop_real_fake_doors,
          serial_column_ruins, column_ruins_hut_pillars,
          column_ruins_corridor_dead_end, column_ruins_corridor_straight,
          column_ruins_columns_dead_end, column_ruins_open_small,
          column_ruins_open_small, column_ruins_grid_1,
          column_ruins_corridor_straight
D:6:      layout_cave_pods, minmay_temple_entry_glass
D:7:      layout_basic, nicolae_ru_sacrificial_ziggurat, ebering_ghost_gozag,
          minmay_manual_mail, uniq_joseph

Skill      XL: |  1  2  3  4  5  6  7  8 |
---------------+-------------------------+-----
Dodging        | 3 4 5 6 |  6.0
Stealth        | 3 4 5 6 |  6.7
Conjurations   | 2 3 4 5 |  5.1
Air Magic      | 1 2 3 4 |  4.1
Spellcasting   | 4 5 6 |  6.7
Fire Magic     | 4 5 |  5.9
Necromancy     | 1 3 |  3.4

Action                     |  1- 3 |  4- 6 |  7- 9 || total
---------------------------+-------+-------+-------++-------
  Melee: Dagger            |       |       |     5 ||     5
   Cast: Foxfire           |   146 |   196 |   185 ||   527
         Scorch            |       |    20 |    20 ||    40
         Animate Dead      |       |       |     1 ||     1
         Flame Wave        |       |       |     1 ||     1
         Shock             |       |       |     1 ||     1
    Use: Scroll            |       |     7 |     3 ||    10
         Potion            |       |     1 |     5 ||     6
 Armour: Robe              |     8 |    10 |    31 ||    49
  Dodge: Dodged            |     5 |     8 |    18 ||    31
  Block: Other             |       |     2 |       ||     2
